MWL (24 & UNDER)
BEMIDJI BENDERS @ WISCONSIN RAPIDS RANGERS
06/01/2023
 
TOP OF THE 1ST
Bemidji Benders batting - Pitching for Wisconsin Rapids Rangers : RHP Joshua Dixon
Pitching: RHP Joshua Dixon
Batting: RHB António López 0-0: Called Strike
0-1: Called Strike
0-2: Foul Ball, location: 2F
0-2: Strikes out swinging
Batting: LHB Pedro Cerda 0-0: Ball
1-0: Called Strike
1-1: Foul Ball, location: 2F
1-2: Foul Ball, location: 2F
1-2: SINGLE (Line Drive, 4MD)
Batting: LHB Willie Wallace 0-0: Ball
1-0: Ball
2-0: Foul Ball, location: 2F
2-1: Foul Ball, location: 2F
2-2: Ball
3-2: Foul Ball, location: 2F
3-2: Base on Balls
Pedro Cerda to second
Batting: SHB Rob Grun 0-0: Ball
1-0: Ball
2-0: Fielders Choice at 2nd, 4-6 (Groundball, 4)
Pedro Cerda to third
Batting: RHB Alfredo López 0-0: Called Strike
0-1: Swinging Strike
0-2: Foul Ball, location: 2F
0-2: Fielders Choice at 2nd, 6-4 (Groundball, 6)
Top of the 1st over - 0 run(s), 1 hit(s), 0 error(s), 1 left on base; Bemidji 0 - Wisconsin Rapids 0
BOTTOM OF THE 1ST
Wisconsin Rapids Rangers batting - Pitching for Bemidji Benders : LHP Alberto Martínez
Pitching: LHP Alberto Martínez
Batting: RHB John Hursted 0-0: Called Strike
0-1: Called Strike
0-2: Ball
1-2: Foul Ball, location: 2F
1-2: Fly out, F8 (Flyball, 8LM)
Batting: RHB Ray Little 0-0: Ball
1-0: Foul Ball, location: 2F
1-1: Called Strike
1-2: Strikes out looking
Batting: RHB Tom Thompson 0-0: Foul Ball, location: 2F
0-1: Swinging Strike
0-2: Strikes out swinging
Bottom of the 1st over - 0 run(s), 0 hit(s), 0 error(s), 0 left on base; Bemidji 0 - Wisconsin Rapids 0
TOP OF THE 2ND
Bemidji Benders batting - Pitching for Wisconsin Rapids Rangers : RHP Joshua Dixon
Batting: SHB Edgardo Osorio 0-0: Foul Ball, location: 2F
0-1: Swinging Strike
0-2: Ball
1-2: Strikes out looking
Batting: RHB Esteban Salas 0-0: Ball
1-0: Ball
2-0: Ball
3-0: Base on Balls
Batting: RHB Claudio Souza 0-0: Fielders Choice at 2nd, 1-6 (Groundball, 15)
Batting: RHB Roberto Solís 0-0: Called Strike
0-1: Foul Ball, location: 2F
0-2: SINGLE (Flyball, 8RS)
Claudio Souza to second
Batting: RHB António López 0-0: SINGLE (Groundball, 34D)
Claudio Souza to third
Roberto Solís to second
Runner from 3rd tries for Home, SAFE, no throw or cutoff
Batting: LHB Pedro Cerda 0-0: Ball
1-0: Ball
2-0: Foul Ball, location: 2F
2-1: Called Strike
2-2: Strikes out looking
Top of the 2nd over - 1 run(s), 2 hit(s), 0 error(s), 2 left on base; Bemidji 1 - Wisconsin Rapids 0
BOTTOM OF THE 2ND
Wisconsin Rapids Rangers batting - Pitching for Bemidji Benders : LHP Alberto Martínez
Batting: RHB Kirk Powell 0-0: Ball
1-0: Ball
2-0: Ground out 1-3 (Groundball, 13)
Batting: RHB Arturo Rodríguez 0-0: Called Strike
0-1: Foul Ball, location: 2F
0-2: Strikes out swinging
Batting: RHB Robert Acosta 0-0: Called Strike
0-1: Foul Ball, location: 2F
0-2: Ball
1-2: Ball
2-2: Strikes out swinging, 2-3 out at first.
Bottom of the 2nd over - 0 run(s), 0 hit(s), 0 error(s), 0 left on base; Bemidji 1 - Wisconsin Rapids 0
TOP OF THE 3RD
Bemidji Benders batting - Pitching for Wisconsin Rapids Rangers : RHP Joshua Dixon
Batting: LHB Willie Wallace 0-0: SINGLE (Flyball, 6MD)
Batting: SHB Rob Grun 0-0: Ball
1-0: Ball
2-0: Called Strike
2-1: Foul Ball, location: 2F
2-2: Ball
3-2: Strikes out looking
Batting: RHB Alfredo López 0-0: Ball
1-0: Grounds into double play, 5-4-3 (Groundball, 5)
Top of the 3rd over - 0 run(s), 1 hit(s), 0 error(s), 0 left on base; Bemidji 1 - Wisconsin Rapids 0
BOTTOM OF THE 3RD
Wisconsin Rapids Rangers batting - Pitching for Bemidji Benders : LHP Alberto Martínez
Batting: LHB Ron Robinson 0-0: Called Strike
0-1: Fly out, F7 (Flyball, 7S)
Batting: RHB James Green 0-0: DOUBLE (Line Drive, 56D)
Batting: LHB Ramón Córdova 0-0: Ball
1-0: Fly out, F8 (Flyball, 8LM)
Batting: RHB John Hursted 0-0: Ball
1-0: Ball
2-0: Foul Ball, location: 2F
2-1: Ground out 4-3 (Groundball, 4M)
Bottom of the 3rd over - 0 run(s), 1 hit(s), 0 error(s), 1 left on base; Bemidji 1 - Wisconsin Rapids 0
TOP OF THE 4TH
Bemidji Benders batting - Pitching for Wisconsin Rapids Rangers : RHP Joshua Dixon
Batting: SHB Edgardo Osorio 0-0: Ball
1-0: Ball
2-0: Called Strike
2-1: Ball
3-1: Foul Ball, location: 2F
3-2: Foul Ball, location: 2F
3-2: Foul Ball, location: 2F
3-2: Foul Ball, location: 2F
3-2: Strikes out swinging
Batting: RHB Esteban Salas 0-0: Ball
1-0: Foul Ball, location: 2F
1-1: Ball
2-1: Swinging Strike
2-2: Ball
3-2: Base on Balls
Batting: RHB Claudio Souza 0-0: Called Strike
0-1: Ball
1-1: Foul Ball, location: 2F
1-2: Ball
2-2: Foul Ball, location: 2F
2-2: Strikes out looking
Batting: RHB Roberto Solís 0-0: Swinging Strike
0-1: Ball
1-1: Foul Ball, location: 2F
1-2: Ball
2-2: Ball
3-2: Strikes out swinging
Top of the 4th over - 0 run(s), 0 hit(s), 0 error(s), 1 left on base; Bemidji 1 - Wisconsin Rapids 0
BOTTOM OF THE 4TH
Wisconsin Rapids Rangers batting - Pitching for Bemidji Benders : LHP Alberto Martínez
Batting: RHB Ray Little 0-0: Fly out, F3 (Popup, 3SF)
Batting: RHB Tom Thompson 0-0: SINGLE (Groundball, 4D)
Batting: RHB Kirk Powell 0-0: Ball
1-0: Swinging Strike
1-1: Foul Ball, location: 2F
1-2: SINGLE (Flyball, 9LM)
Tom Thompson to second
Throwing error, E9
Tom Thompson scores
Kirk Powell to second
Batting: RHB Arturo Rodríguez 0-0: Called Strike
0-1: Swinging Strike
0-2: Foul Ball, location: 2F
0-2: Foul Ball, location: 2F
0-2: Ball
1-2: Strikes out swinging
Batting: RHB Robert Acosta 0-0: Called Strike
0-1: Foul Ball, location: 2F
0-2: Foul Ball, location: 2F
0-2: Ball
1-2: Ball
2-2: Foul Ball, location: 2F
2-2: Ball
3-2: Foul Ball, location: 2F
3-2: Base on Balls
Batting: LHB Ron Robinson 0-0: Foul Ball, location: 2F
0-1: Fly out, F2 (Popup, 2L)
Bottom of the 4th over - 1 run(s), 2 hit(s), 1 error(s), 2 left on base; Bemidji 1 - Wisconsin Rapids 1
TOP OF THE 5TH
Bemidji Benders batting - Pitching for Wisconsin Rapids Rangers : RHP Joshua Dixon
Batting: RHB António López 0-0: Called Strike
0-1: Ball
1-1: Ground out 1-3 (Groundball, 15)
Batting: LHB Pedro Cerda 0-0: Foul Ball, location: 2F
0-1: Ball
1-1: Swinging Strike
1-2: TRIPLE (Flyball, 8RXD)
Batting: LHB Willie Wallace 0-0: Intentional Walk
Pitching: RHP Bennie Jones
Batting: SHB Rob Grun 0-0: Called Strike
0-1: Ball
1-1: Foul Ball, location: 2F
1-2: Strikes out swinging
Batting: RHB Alfredo López 0-0: Called Strike
0-1: Ball
1-1: Ball
2-1: Called Strike
2-2: Ball
3-2: Fly out, F7 (Flyball, 7D)
Top of the 5th over - 0 run(s), 1 hit(s), 0 error(s), 2 left on base; Bemidji 1 - Wisconsin Rapids 1
BOTTOM OF THE 5TH
Wisconsin Rapids Rangers batting - Pitching for Bemidji Benders : LHP Alberto Martínez
Batting: RHB James Green 0-0: Ball
1-0: SINGLE (Groundball, 56)
Batting: LHB Ramón Córdova 0-0: Foul Ball, location: 2F
0-1: Foul Ball, location: 2F
0-2: Ball
1-2: Strikes out swinging
Batting: RHB John Hursted 0-0: Ball
1-0: Grounds into double play, 5-4-3 (Groundball, 5L)
Bottom of the 5th over - 0 run(s), 1 hit(s), 0 error(s), 0 left on base; Bemidji 1 - Wisconsin Rapids 1
TOP OF THE 6TH
Bemidji Benders batting - Pitching for Wisconsin Rapids Rangers : RHP Bennie Jones
Batting: SHB Edgardo Osorio 0-0: Swinging Strike
0-1: Ball
1-1: Foul Ball, location: 2F
1-2: Ground out 5-3 (Groundball, 56S)
Batting: RHB Esteban Salas 0-0: Called Strike
0-1: Swinging Strike
0-2: Fly out, F7 (Flyball, 7LM)
Batting: RHB Claudio Souza 0-0: Ball
1-0: SINGLE (Groundball, 5L) (infield hit)
Batting: RHB Roberto Solís 0-0: Ball
1-0: Ball
2-0: Ball
3-0: Base on Balls
Claudio Souza to second
Batting: RHB António López 0-0: Ball
1-0: Ball
2-0: Ball
3-0: Base on Balls
Claudio Souza to third
Roberto Solís to second
Batting: LHB Pedro Cerda 0-0: Foul Ball, location: 2F
0-1: Called Strike
0-2: Ball
1-2: Fly out, F8 (Flyball, 8LXD)
Top of the 6th over - 0 run(s), 1 hit(s), 0 error(s), 3 left on base; Bemidji 1 - Wisconsin Rapids 1
BOTTOM OF THE 6TH
Wisconsin Rapids Rangers batting - Pitching for Bemidji Benders : LHP Alberto Martínez
Batting: RHB Ray Little 0-0: Ball
1-0: Ground out 4-3 (Groundball, 4)
Batting: RHB Tom Thompson 0-0: Ball
1-0: Ball
2-0: Ground out 4-3 (Groundball, 4)
Batting: RHB Kirk Powell 0-0: Called Strike
0-1: Ball
1-1: Ball
2-1: Foul Ball, location: 2F
2-2: Foul Ball, location: 2F
2-2: Ball
3-2: Base on Balls
Batting: RHB Arturo Rodríguez 0-0: Called Strike
0-1: Foul Ball, location: 2F
0-2: Ball
1-2: Ball
2-2: Foul Ball, location: 2F
2-2: Foul Ball, location: 2F
2-2: SINGLE (Flyball, 9LS)
Kirk Powell to second
Runner from 2nd tries for 3rd, SAFE, throw made to third
Batting: RHB Robert Acosta 0-0: Ball
1-0: Ball
2-0: Called Strike
2-1: Ball
3-1: Foul Ball, location: 2F
3-2: Foul Ball, location: 2F
3-2: Foul Ball, location: 2F
3-2: Strikes out swinging
Bottom of the 6th over - 0 run(s), 1 hit(s), 0 error(s), 2 left on base; Bemidji 1 - Wisconsin Rapids 1
TOP OF THE 7TH
Bemidji Benders batting - Pitching for Wisconsin Rapids Rangers : RHP Bennie Jones
Batting: LHB Willie Wallace 0-0: TRIPLE (Flyball, 89XD)
Batting: SHB Rob Grun 0-0: Swinging Strike
0-1: Ball
1-1: Called Strike
1-2: SINGLE (Line Drive, 8LS)
Willie Wallace scores
Batting: RHB Alfredo López 0-0: Ball
1-0: Ball
2-0: Ball
3-0: Called Strike
3-1: Foul Ball, location: 2F
3-2: Base on Balls
Rob Grun to second
Batting: SHB Edgardo Osorio 0-0: Fly out, F9 (Flyball, 89M)
Pitching: LHP Russell Neal
Batting: RHB Esteban Salas 0-0: Ball
1-0: Ball
2-0: Ball
3-0: Base on Balls
Rob Grun to third
Alfredo López to second
Batting: RHB Claudio Souza 0-0: Ball
1-0: Ball
2-0: Called Strike
2-1: Called Strike
2-2: Ball
3-2: Fly out, F9 (Line Drive, 9S)
Batting: RHB Roberto Solís 0-0: Ball
1-0: Ball
2-0: Ball
3-0: Called Strike
3-1: Foul Ball, location: 2F
3-2: Strikes out swinging
Top of the 7th over - 1 run(s), 2 hit(s), 0 error(s), 3 left on base; Bemidji 2 - Wisconsin Rapids 1
BOTTOM OF THE 7TH
Wisconsin Rapids Rangers batting - Pitching for Bemidji Benders : LHP Alberto Martínez
Pitching: RHP Dave Hammond
Batting: LHB Ron Robinson 0-0: SINGLE (Line Drive, 4D)
Batting: RHB James Green 0-0: Bunt missed!
0-1: Sac Bunt - play at second, runner safe!
Batting: LHB Ramón Córdova 0-0: Called Strike
0-1: SINGLE (Groundball, 3L)
Ron Robinson to third
James Green to second
Runner from 3rd tries for Home, SAFE, no throw or cutoff
Batting: RHB John Hursted 0-0: Bunt missed!
0-1: Bunt missed!
0-2: Ball
1-2: Ball
2-2: Foul Ball, location: 2F
2-2: Ball
3-2: Foul Ball, location: 2F
3-2: Foul Ball, location: 2F
3-2: Base on Balls
James Green to third
Ramón Córdova to second
Batting: RHB Ray Little 0-0: Called Strike
0-1: Ball
1-1: Ball
2-1: SINGLE (Line Drive, 6MD)
James Green scores
Ramón Córdova to third
John Hursted to second
Runner from 3rd tries for Home, SAFE, no throw or cutoff
Pitching: LHP Jesse Payne
Pinch Hitting: RHB Bruce Brooks 0-0: Called Strike
0-1: Swinging Strike
0-2: Ball
1-2: Fly out, F7 (Flyball, 7M)
Batting: RHB Kirk Powell 0-0: Called Strike
0-1: Ball
1-1: Ball
2-1: Foul Ball, location: 2F
2-2: Strikes out swinging
Batting: RHB Arturo Rodríguez 0-0: Called Strike
0-1: Ball
1-1: Swinging Strike
1-2: Ball
2-2: Ball
3-2: Foul Ball, location: 2F
3-2: Base on Balls
John Hursted to third
Ray Little to second
Pinch Hitting: RHB Jeffrey Lee 0-0: Ball
1-0: Called Strike
1-1: Ground out 4-3 (Groundball, 4)
Bottom of the 7th over - 3 run(s), 3 hit(s), 0 error(s), 3 left on base; Bemidji 2 - Wisconsin Rapids 4
TOP OF THE 8TH
Bemidji Benders batting - Pitching for Wisconsin Rapids Rangers : LHP Russell Neal
Now at SS: Jeffrey Lee
Now in CF: Bruce Brooks
Batting: RHB António López 0-0: Swinging Strike
0-1: Foul Ball, location: 2F
0-2: Ball
1-2: Strikes out swinging
Batting: LHB Pedro Cerda 0-0: Foul Ball, location: 2F
0-1: Ground out 4-3 (Groundball, 34)
Batting: LHB Willie Wallace 0-0: Ball
1-0: Foul Ball, location: 2F
1-1: Foul Ball, location: 2F
1-2: Ball
2-2: Ball
3-2: Strikes out looking
Top of the 8th over - 0 run(s), 0 hit(s), 0 error(s), 0 left on base; Bemidji 2 - Wisconsin Rapids 4
BOTTOM OF THE 8TH
Wisconsin Rapids Rangers batting - Pitching for Bemidji Benders : LHP Jesse Payne
Batting: LHB Ron Robinson 0-0: Called Strike
0-1: Swinging Strike
0-2: Ball
1-2: Foul Ball, location: 2F
1-2: Ball
2-2: Ground out 4-3 (Groundball, 4)
Batting: RHB James Green 0-0: Ball
1-0: Ball
2-0: Called Strike
2-1: Ball
3-1: Base on Balls
Batting: LHB Ramón Córdova 0-0: Called Strike
0-1: Ball
1-1: SINGLE (Line Drive, 6D)
James Green to second
Batting: RHB John Hursted 0-0: Ball
1-0: Ball
2-0: Grounds into double play, 1-6-3 (Groundball, 15S)
Bottom of the 8th over - 0 run(s), 1 hit(s), 0 error(s), 1 left on base; Bemidji 2 - Wisconsin Rapids 4
TOP OF THE 9TH
Bemidji Benders batting - Pitching for Wisconsin Rapids Rangers : LHP Russell Neal
Pitching: LHP Jorge Martínez
Batting: SHB Rob Grun 0-0: Called Strike
0-1: Called Strike
0-2: Ball
1-2: DOUBLE (Line Drive, 7LD)
Batting: RHB Alfredo López 0-0: Ball
1-0: Foul Ball, location: 2F
1-1: Foul Ball, location: 2F
1-2: Ball
2-2: Ground out 4-3 (Groundball, 4)
Rob Grun to third
Pinch Hitting: RHB Ángel Garza 0-0: Fly out, F9 (Line Drive, 9M)
Runner from 3rd tags up, SCORES, throw made
Batting: RHB Esteban Salas 0-0: Ball
1-0: Ground out 6-3 (Groundball, 6M)
Top of the 9th over - 1 run(s), 1 hit(s), 0 error(s), 0 left on base; Bemidji 3 - Wisconsin Rapids 4
This league is powered by Out of the Park Baseball, the baseball management simulation game for PC, Mac and Linux
Wednesday, December 2nd, 2015 - OOTP Baseball 16.8 Build 38